 Dungeon Crawl Stone Soup version 0.20-a0-2-g2b0e13a (webtiles) character file.

256 dobroeutro the Ducker (level 5, 0/54 HPs)
             Began as a Demonspawn Gladiator on Oct 28, 2016.
             Was an Initiate of Okawaru.
             Succumbed to a worker ant's poison
             ... on level 4 of the Dungeon.
             The game lasted 00:04:56 (2407 turns).

dobroeutro the Ducker (Demonspawn Gladiator)        Turns: 2407, Time: 00:04:56

Health: 0/54       AC: 22    Str: 14 (16) XL:     5   Next: 92%
Magic:  4/4        EV:  2    Int:  7 (9)  God:    Okawaru [......]
Gold:   191        SH:  0    Dex: 10 (12) Spells: 0 memorised, 4 levels left

rFire  . . .     SeeInvis .     a - +0 quarterstaff
rCold  . . .     Gourm    .     (armour currently unavailable)
rNeg   + + +     Faith    .     (shield currently unavailable)
rPois  +         Spirit   +     (helmet currently unavailable)
rElec  .         Reflect  .     (cloak currently unavailable)
rCorr  .         Harm     .     (gloves currently unavailable)
MR     .....     NoTele   +     (boots currently unavailable)
Stlth  ++........               (no amulet)
                                s - ring of teleportation (curse)
                                r - ring of stealth

@: lethally poisoned (0 -> -13), exhausted, tree-form, slowed, very slow
A: clumsy 1, frail 1, low mp 1, magic shield
a: Renounce Religion


You were on level 4 of the Dungeon.
You worshipped Okawaru.
Okawaru was noncommittal.
You were hungry.
You were a tree.
You visited 1 branch of the dungeon, and saw 4 of its levels.

You collected 191 gold pieces.

Inventory:

Hand Weapons
 a - a +0 quarterstaff (weapon)
Missiles
 d - 4 throwing nets (quivered)
Armour
 b - a +0 leather armour (melded)
 c - a +0 helmet (melded)
 g - a +0 pair of gloves (melded)
Jewellery
 r - a ring of stealth (left branch)
 s - a cursed ring of teleportation (right branch)
 w - an uncursed ring of protection from magic
Scrolls
 e - 5 scrolls of identify {unknown}
 h - 5 scrolls of enchant armour {unknown}
 i - 3 scrolls of remove curse {unknown}
 n - a scroll of recharging {unknown}
 o - a scroll of teleportation {unknown}
 p - 2 scrolls of magic mapping {unknown}
 u - a scroll of amnesia {unknown}
Comestibles
 f - 2 bread rations
 k - 2 beef jerkies
 m - 2 royal jellies
 v - a meat ration


   Skills:
 + Level 3.5 Fighting
 + Level 3.7 Staves
 - Level 1.7 Throwing
 + Level 2.5 Armour
 + Level 3.8 Dodging


You had 4 spell levels left.
You didn't know any spells.

Dungeon Overview and Level Annotations

Branches:
Dungeon (4/15)
 Temple: D:4-7

Altars:
Okawaru


Innate Abilities, Weirdness & Mutations

When hurt, damage is shared between your health and your magic reserves.
You are clumsy. (Dex -2)
You are frail. (-10% HP)
Your magical capacity is low. (-10% MP)


Message History

You feel sick.
You swing at nothing.
You feel your anger subside.
* * * LOW HITPOINT WARNING * * *
You feel sick.
You swing at nothing.
You are no longer berserk.
You are exhausted.
You feel yourself slow down.
* * * LOW HITPOINT WARNING * * *
You feel sick.
It was a potion of mutation.
You feel extremely strange.
You feel frail.
You feel clumsy.
You feel less energetic.
* * * LOW HITPOINT WARNING * * *
You feel sick.
There is a lethal amount of poison in your body!
You cannot move.
You cannot move.
You swing at nothing.
You die...

#.....##..##....
##.....#..###....
#.......### #....
#......## #..##
#......# ####
###...## ##.####
###.## #.♣##
#...†# ###..#
#..# ...# #....
##... #...


There were no monsters in sight!

Vanquished Creatures
  A bullfrog zombie (D:3)
  2 worker ants
  7 adders
  2 oozes
  3 worms
  2 dart slugs
  4 leopard geckos
  9 orcs
  3 giant cockroaches
  6 hobgoblins
  6 jackals
  4 kobolds
  A quokka (D:2)
  A ball python (D:1)
  6 bats
  4 frilled lizards
  9 goblins
  10 rats
80 creatures vanquished.

Notes
Turn   | Place    | Note
-------+----------+-------------------------------------------
     0 | D:1      | dobroeutro the Demonspawn Gladiator began the quest for the Orb.
     0 | D:1      | Reached XP level 1. HP: 16/16 MP: 1/1
   165 | D:1      | Gained mutation: When hurt, damage is shared between your health and your magic reserves. [demonic ancestry]
   165 | D:1      | Reached XP level 2. HP: 17/22 MP: 2/2
   232 | D:1      | Found an iron altar of Okawaru.
   240 | D:1      | Became a worshipper of Warmaster Okawaru
   301 | D:1      | Reached XP level 3. HP: 28/28 MP: 3/3
   557 | D:2      | Reached skill level 1 in Armour
   855 | D:2      | Reached XP level 4. HP: 34/34 MP: 4/4
  1423 | D:3      | Reached XP level 5. HP: 23/41 MP: 3/5
  2405 | D:4      | HP: 3/61 [poisoned by a worker ant]
  2406 | D:4      | Gained mutation: You are frail. (-10% HP) [potion of mutation]
  2406 | D:4      | Gained mutation: You are clumsy. (Dex -2) [potion of mutation]
  2406 | D:4      | Gained mutation: Your magical capacity is low. (-10% MP) [potion of mutation]
  2406 | D:4      | HP: 1/54 [poisoned by a worker ant]
  2407 | D:4      | Succumbed to a worker ant's poison

Vault maps used:
D:1:      dpeg_arrival_ratfight, nrook_mini_backslash,
          minmay_misc_feat_ornament, okawaru_ov_weapons_minmay
D:3:      first_bread
D:4:      serial_shops, shop, hangedman_decor_clover_reticule, uniq_menkaure,
          uniq_duvessa

Skill      XL: |  1  2  3  4 |
---------------+-------------+-----
Dodging        | 3 |  3.8
Staves         | 3 |  3.7
Armour         | 1 2 |  2.5
Fighting       | 3 |  3.5
Throwing       | |  1.7

Action                   |  1- 3 |  4- 6 || total
-------------------------+-------+-------++-------
Melee: Quarterstaff      |   107 |   182 ||   289
  Use: Potion            |       |     6 ||     6
 Stab: Sleeping          |     2 |     2 ||     4
  Eat: Bread ration      |       |     1 ||     1
Armor: Leather armour    |    33 |    55 ||    88
Dodge: Dodged            |    72 |   180 ||   252
